 Dungeon Crawl Stone Soup version 0.30.1-11-g7821555f0a (webtiles) character file.

Game seed: 5439847417247989915

191 Skitler the Chopper (level 5, 0/39 HPs)
             Began as a Demonspawn Gladiator on Jan 9, 2024.
             Slain by a rat (2 damage)
             ... on level 3 of the Dungeon.
             The game lasted 00:01:28 (661 turns).

Skitler the Chopper (Demonspawn Gladiator)           Turns: 661, Time: 00:01:29

Health: 0/39       AC:  7    Str: 16    XL:     5   Next: 41%
Magic:  5/5        EV: 12    Int: 10    God:
Gold:   88         SH:  0    Dex: 14    Spells: 4/4 levels left

rFire   . . .        a - +0 war axe
rCold   . . .        (no shield)
rNeg    . . .        b - +0 leather armour
rPois   .            (helmet restricted)
rElec   .            f - +0 cloak
rCorr   .            (no gloves)
SInv    .            (no boots)
Will    .....        h - amulet of regeneration
Stlth   +            (no ring)
HPRegen 1.06/turn    (no ring)
MPRegen 0.09/turn

%: no passive effects
@: no status effects
A: antennae 1, thin metallic scales 2
a: no special abilities


You were on level 3 of the Dungeon.
You visited 1 branch of the dungeon, and saw 3 of its levels.

You collected 88 gold pieces.

Inventory:

Hand Weapons
 a - a +0 war axe (weapon)
Missiles
 d - 2 throwing nets (quivered)
 e - a javelin
Armour
 b - a +0 leather armour (worn)
 c - a +0 helmet
 f - a +0 cloak (worn)
Jewellery
 h - an amulet of regeneration (around neck)
Scrolls
 i - 4 scrolls of identify {unknown}
 j - a scroll of poison {unknown}
 k - a scroll of teleportation {unknown}
 m - 2 scrolls of noise {unknown}
 n - a scroll of fear {unknown}
 o - a scroll of brand weapon {unknown}
Potions
 g - a potion of curing {unknown}
 l - a potion of haste {unknown}
 p - a potion of degeneration {unknown}


   Skills:
 + Level 2.7 Fighting
 + Level 4.4 Axes
 + Level 2.1 Throwing
 + Level 1.1 Armour
 + Level 3.5 Dodging


You had 4 spell levels left.
You didn't know any spells.
Your spell library was empty.

Dungeon Overview and Level Annotations

Branches:
Dungeon (3/15)

Altars:


Innate Abilities, Weirdness & Mutations

You have a pair of small antennae on your head.
You are mostly covered in thin metallic scales. (AC +3)


Message History

The adder bites you but does no damage. The hobgoblin completely misses you.
The rat closely misses you. The adder closely misses you. The adder bites you.
* * * LOW HITPOINT WARNING * * *
The hobgoblin hits you.
* * * LOW HITPOINT WARNING * * *
The rat misses you. The adder barely misses you. The hobgoblin hits you.
* * * LOW HITPOINT WARNING * * *
The rat completely misses you. The adder misses you.
The hobgoblin hits you but does no damage.
The rat bites you but does no damage. The adder closely misses you.
The adder barely misses you. The hobgoblin misses you.
The rat bites you but does no damage. The adder closely misses you.
The hobgoblin misses you. The rat bites you but does no damage.
The adder bites you but does no damage. The hobgoblin misses you.
The rat bites you but does no damage. The adder bites you but does no damage.
The adder bites you.
* * * LOW HITPOINT WARNING * * *
The hobgoblin barely misses you. The rat bites you but does no damage.
The adder completely misses you. The hobgoblin hits you.
* * * LOW HITPOINT WARNING * * *
The rat closely misses you. The adder closely misses you.
The hobgoblin closely misses you. The rat barely misses you.
The adder bites you but does no damage.
The hobgoblin hits you but does no damage.
The rat barely misses you. The adder bites you.
* * * LOW HITPOINT WARNING * * *
The adder bites you but does no damage. The hobgoblin barely misses you.
The rat bites you but does no damage. The adder bites you.
* * * LOW HITPOINT WARNING * * *
The hobgoblin hits you.
* * * LOW HITPOINT WARNING * * *
The rat bites you but does no damage. The adder closely misses you.
The hobgoblin misses you. The rat bites you.
You die...

................#
................#
..>.............#
#..............#
#..............#
#..............
#..........#####..
#######........r........
#..............g@.......
..######.......$S.......
....####............####
...............##...#
................#...#
................#...#
..............#.+...+
.....############...#
......


You could see an adder, a hobgoblin and a rat.

Vanquished Creatures
  Sigmund (D:2)
  2 adders (D:2)
  A worm (D:2)
  A ball python (D:2)
  2 endoplasms (D:2)
  2 goblins (D:1)
  A hobgoblin (D:1)
  A bat (D:1)
  5 rats
16 creatures vanquished.

Notes
Turn   | Place    | Note
-------+----------+-------------------------------------------
     0 | D:1      | Skitler the Demonspawn Gladiator began the quest for the
                  | Orb.
     0 | D:1      | Reached XP level 1. HP: 16/16 MP: 1/1
   157 | D:1      | You fall into a shaft and drop 1 floor!
   172 | D:2      | Reached skill level 3 in Axes
   172 | D:2      | Gained mutation: You are partially covered in thin metallic
                  | scales. (AC +2) [demonic ancestry]
   172 | D:2      | Reached XP level 2. HP: 22/22 MP: 2/2
   364 | D:2      | Gained mutation: You are mostly covered in thin metallic
                  | scales. (AC +3) [demonic ancestry]
   364 | D:2      | Reached XP level 3. HP: 17/27 MP: 3/3
   487 | D:2      | Noticed Sigmund
   500 | D:2      | Killed Sigmund
   501 | D:2      | Reached skill level 4 in Axes
   501 | D:2      | Reached skill level 1 in Armour
   501 | D:2      | Gained mutation: You have a pair of small antennae on your
                  | head. [demonic ancestry]
   501 | D:2      | Reached XP level 4. HP: 34/34 MP: 4/4
   501 | D:2      | Reached XP level 5. HP: 39/39 MP: 5/5
   660 | D:3      | HP: 1/39 [hobgoblin (4)]
   661 | D:3      | Slain by a rat

Illustrated notes

Levels and vault maps discovered:
D:1:      dpeg_arrival_tiny_g, layout_rooms
D:2:      layout_loops_cross, basic_altar, grunt_ministairs_13, uniq_sigmund
D:3:      layout_basic, nicolae_wu_jian_immortal_techniques, uniq_ijyb

Skill      XL: |  1  2  3 |
---------------+----------+-----
Axes           | 3 4 |  4.4
Throwing       | 2 |  2.1
Dodging        | 3 |  3.5
Armour         | 1 |  1.1
Fighting       | |  2.7

Action                     |  1- 3 |  4- 6 || total
---------------------------+-------+-------++-------
  Melee: War axe           |    48 |     1 ||    49
         Punch             |     2 |       ||     2
  Throw: Throwing net      |     1 |       ||     1
 Armour: Leather armour    |    18 |    76 ||    94
  Dodge: Dodged            |    26 |   134 ||   160
